 Dungeon Crawl Stone Soup version 0.15-a0-756-g319e367 (webtiles) character file.

44 Quh the Charmwright (level 3, -12/24 HPs)
             Began as a High Elf Skald on May 12, 2014.
             Killed by miscasting Shroud of Golubria (24 damage)
             ... on Level 2 of the Dungeon.
             The game lasted 00:06:33 (1218 turns).

Quh the Charmwright (High Elf Skald)                Turns: 1218, Time: 00:06:33

HP -12/24        AC 10     Str 12      XL: 3   Next: 41%
MP   5/8         EV  2     Int 16      God:
Gold 16          SH  0     Dex 14      Spells:  3 memorised,  1 level left

rFire  . . .     SeeInvis .     a - +0 falchion
rCold  . . .     Clarity  .     e - +0 plate armour
rNeg   . . .     Conserve .     (no shield)
rPois  .         rCorr    .     (no helmet)
rElec  .         rRot     .     (no cloak)
SustAb . .       Spirit   .     (no gloves)
rMut   .         Warding  .     (no boots)
Gourm  .         Stasis   .     (no amulet)
MR     .....                    (no ring)
                                (no ring)

@: very slightly contaminated, bribing [], not resistant to hostile
enchantments, extremely unstealthy
A: no striking features
a: no special abilities


You were on level 2 of the Dungeon.
You were not hungry.

You visited 1 branch of the dungeon, and saw 2 of its levels.

You collected 16 gold pieces.

Inventory:

Hand weapons
 a - a +0,+0 falchion (weapon)
Missiles
 j - 3 darts of dispersal (quivered)
 l - 5 darts
Armour
 b - a +0 leather armour
 e - a +0 plate armour (worn)
Comestibles
 d - a bread ration
 k - a pear
 m - a chunk of adder flesh
 n - a chunk of rat flesh
Scrolls
 f - a scroll of identify {unknown}
 g - a scroll of teleportation {unknown}
 h - a scroll of fear {unknown}
Potions
 i - a potion of degeneration {unknown}
Books
 c - a book of Battle

   Spells                             Type                      Level
   *Infusion                          Charms                       1
   *Shroud of Golubria                Charms/Translocation         2
   *Song of Slaying                   Charms                       2
   Spectral Weapon                    Hexes/Charms                 3
   Regeneration                       Charms/Necromancy            3


   Skills:
 + Level 2.2 Fighting
 * Level 3.1 Long Blades
 + Level 1.6 Armour
 + Level 2.0 Dodging
 - Level 2.4 Spellcasting
 * Level 4.0 Charms


You had one spell level left.
You knew the following spells:

 Your Spells              Type           Power        Failure   Level  Hunger
a - Infusion              Chrm           ##....       100%        1    #......
b - Shroud of Golubria    Chrm/Tloc      #.........   100%        2    ##.....
c - Song of Slaying       Chrm           ##......     100%        2    ##.....


Dungeon Overview and Level Annotations

Branches:
Dungeon (2/15)

Altars:

Annotations:
D:2 Sigmund


Message History

Aim: a worm (moderately wounded)
You throw a dart of dispersal. The dart of dispersal hits the worm.
The worm blinks!
Throwing (i - inventory. (,) - cycle):
j - 5 darts of dispersal (quivered)
Press: ? - help, Shift-Dir - straight line, f/p - worm
Aim: a worm (moderately wounded)
You throw a dart of dispersal.
The dart of dispersal hits the worm but does no damage.
The worm is moderately wounded.
Throwing (i - inventory. (,) - cycle):
j - 4 darts of dispersal (quivered)
Press: ? - help, Shift-Dir - straight line, f/p - worm
Aim: a worm (moderately wounded)
You throw a dart of dispersal. The dart of dispersal hits the worm.
The worm blinks!
Casting: Infusion
Confirm with . or Enter, or press ? or * to list all spells.
You miscast Shroud of Golubria.
You are caught in a strong localised spatial distortion.
Ouch! That really hurt!
You die...

### # ..# ##. ## #.# #.#...
####.###.#... # # #. ......#..
.# #.# #.#. #.##...###.# #...#
#.#.##.#.#...... #...##
##......##..##!#.#### #.....
...##.#.@.............
##...#####.##.....##........#.
.........#.####.#.##.........
...........# #%...........#.
.........#.# #.#.##.......#
#..........# #.#.##.......#
#)...#.###.####............
#....#.# #........######.#
#....#.# ######.###


There were no monsters in sight!

Vanquished Creatures
  2 adders (D:2)
  An ooze (D:1)
  2 giant geckos (D:1)
  A bat (D:1)
  3 goblins
  2 hobgoblins
  10 giant newts (D:1)
  3 kobolds
  5 rats
29 creatures vanquished.

Notes
Turn   | Place    | Note
--------------------------------------------------------------
     0 | D:1      | Quh, the High Elf Skald, began the quest for the Orb.
     0 | D:1      | Reached XP level 1. HP: 14/14 MP: 4/4
    75 | D:1      | Reached skill level 1 in Armour
   443 | D:1      | Reached XP level 2. HP: 19/19 MP: 6/6
   836 | D:2      | Noticed Sigmund
   937 | D:1      | Reached skill level 4 in Charms
   993 | D:2      | Learned a level 2 spell: Shroud of Golubria
   996 | D:2      | Learned a level 2 spell: Song of Slaying
  1032 | D:2      | Reached XP level 3. HP: 17/24 MP: 8/8
  1218 | D:2      | Killed by miscasting Shroud of Golubria

Action                   || total
-------------------------++-------
Melee: Falchion          ||   146
Throw: Dart              ||    17
